[Event "ICC tourney 1911 (25 10)"]
[Site "Internet Chess Club"]
[Date "2020.07.11"]
[Round "3"]
[White "msk2018"]
[Black "CoastalJourney"]
[Result "1/2-1/2"]
[ICCResult "Game drawn by mutual agreement"]
[WhiteElo "1490"]
[BlackElo "1334"]
[Opening "Queen's pawn: London system"]
[ECO "A45"]
[NIC "QP.07"]
[Time "15:30:23"]
[TimeControl "1500+10"]

1. d4 Nf6 2. Bf4 e6 3. e3 d5 4. h3 Bd6 5. Bxd6 cxd6 6. c3 Nc6 7. Nf3 e5 8.
dxe5 dxe5 9. Be2 O-O 10. O-O Bf5 11. Nh2 Qd7 12. Nd2 Rad8 13. Nb3 h6 14. Bd3
e4 15. Bc2 Rfe8 16. Nd4 Nxd4 17. Qxd4 a6 18. Rfd1 Nh7 19. Bb3 Be6 20. a4 Re7
21. Rd2 f5 22. Rad1 Nf6 {Game drawn by mutual agreement} 1/2-1/2

[Event "ICC tourney 1911 (25 10)"]
[Site "Internet Chess Club"]
[Date "2020.07.11"]
[Round "3"]
[White "HarleyQueen8"]
[Black "natez"]
[Result "0-1"]
[ICCResult "White checkmated"]
[WhiteElo "1507"]
[BlackElo "1543"]
[Opening "QGD: exchange, positional line"]
[ECO "D35"]
[NIC "QO.16"]
[Time "15:30:10"]
[TimeControl "1500+10"]

1. d4 d5 2. c4 e6 3. Nc3 Nf6 4. cxd5 exd5 5. Bg5 Be7 6. e3 c6 7. Bd3 O-O 8.
Qc2 h6 9. Bh4 Re8 10. Nge2 Ne4 11. Bxe7 Qxe7 12. O-O Nd7 13. Rab1 Qh4 14.
Ng3 Ndf6 15. Ngxe4 dxe4 16. Be2 Bf5 17. b4 a6 18. a4 Qg5 19. Kh1 Nd5 20. Qb3
Nxc3 21. Qxc3 Re6 22. b5 axb5 23. axb5 Ra2 24. Bc4 Rg6 25. g3 Qg4 26. f3
Rxh2+ 27. Kxh2 Qxg3+ 28. Kh1 Qg2# {White checkmated} 0-1

[Event "ICC tourney 1911 (25 10)"]
[Site "Internet Chess Club"]
[Date "2020.07.11"]
[Round "3"]
[White "okalia"]
[Black "HeJustin"]
[Result "1-0"]
[ICCResult "Black checkmated"]
[WhiteElo "1335"]
[BlackElo "1066"]
[Opening "Ruy Lopez: closed, 7...O-O"]
[ECO "C88"]
[NIC "RL.17"]
[Time "15:31:03"]
[TimeControl "1500+10"]

1. e4 e5 2. Nf3 Nc6 3. Bb5 a6 4. Ba4 Nf6 5. O-O Be7 6. Re1 b5 7. Bb3 O-O 8.
a3 d6 9. d3 Bg4 10. c3 Na5 11. Ba2 c5 12. h3 Bh5 13. Nbd2 Nc6 14. Nf1 a5 15.
a4 b4 16. Ng3 Bg6 17. d4 exd4 18. cxd4 Rc8 19. dxc5 dxc5 20. Qe2 Nd4 21.
Nxd4 Qxd4 22. Be3 Qd7 23. Red1 Qc6 24. e5 Nd7 25. Bd5 Qc7 26. f4 h6 27. Qg4
Kh8 28. Bxf7 Nxe5 29. fxe5 Bxf7 30. e6 Bg8 31. Nf5 Bf6 32. Bf4 Qc6 33. Rd6
Qe4 34. e7 Rfe8 35. Rxf6 Be6 36. Qxg7# {Black checkmated} 1-0

[Event "ICC tourney 1911 (25 10)"]
[Site "Internet Chess Club"]
[Date "2020.07.11"]
[Round "3"]
[White "ReallyBadChess"]
[Black "rachael1120"]
[Result "0-1"]
[ICCResult "White checkmated"]
[WhiteElo "1221"]
[BlackElo "1488"]
[Opening "Sicilian: accelerated fianchetto, Mar?czy bind, 6.Be3"]
[ECO "B38"]
[NIC "SI.33"]
[Time "15:30:12"]
[TimeControl "1500+10"]

1. e4 c5 2. Nf3 Nc6 3. d4 cxd4 4. Nxd4 g6 5. c4 Bg7 6. Be3 Nf6 7. Nc3 O-O 8.
f3 Qb6 9. Nb3 Qxe3+ 10. Be2 d6 11. a3 Ne5 12. Qc2 Be6 13. Rc1 Bh6 14. Nd1
Qb6 15. Rb1 Rac8 16. Nc3 Bxc4 17. Bxc4 Nxc4 18. Nc1 Bd2+ 19. Ke2 Qe3+ 20.
Kd1 Qf2 21. Nd3 Ne3# {White checkmated} 0-1

[Event "ICC tourney 1911 (25 10)"]
[Site "Internet Chess Club"]
[Date "2020.07.11"]
[Round "3"]
[White "Niteshc"]
[Black "Mulan2009"]
[Result "0-1"]
[ICCResult "White resigns"]
[WhiteElo "1319"]
[BlackElo "1583"]
[Opening "French: Winawer, advance, 5.a3"]
[ECO "C17"]
[NIC "FR.10"]
[Time "15:30:12"]
[TimeControl "1500+10"]

1. e4 e6 2. d4 d5 3. Nc3 Bb4 4. e5 c5 5. a3 Ba5 6. Nf3 cxd4 7. Qxd4 Nc6 8.
Qg4 Bxc3+ 9. bxc3 g5 10. Bxg5 Nge7 11. Bf6 Rf8 12. Ng5 Qa5 13. Qf3 h6 14.
Nh7 Rg8 15. Be2 Nf5 16. O-O d4 17. Rad1 Qxa3 18. Bb5 Bd7 19. Rd3 Qc5 20. Rb1
a6 21. Ba4 b5 22. Bb3 Rc8 23. Rbd1 Nxe5 24. Bxe5 Qxe5 25. Qe4 Qg7 26. Rxd4
Nxd4 27. Rxd4 Qg6 28. Qb7 Rd8 29. Rxd7 Rxd7 30. Qc8+ Ke7 31. Qc5+ Kd8 32.
Qb6+ Rc7 33. Qd6+ Rd7 34. Qb6+ Rc7 35. Qd6+ Ke8 36. Bd5 Qxh7 37. Qxc7 exd5
38. Qc8+ Ke7 39. Qc7+ Kf8 40. Qd6+ Kg7 41. Qe5+ f6 42. Qe7+ Kh8 43. Qxf6+
Qg7 44. Qf3 Re8 45. h3 Re1+ 46. Kh2 Re4 {White resigns} 0-1

[Event "ICC tourney 1911 (25 10)"]
[Site "Internet Chess Club"]
[Date "2020.07.11"]
[Round "3"]
[White "poohfur"]
[Black "chessisthebest1"]
[Result "0-1"]
[ICCResult "White resigns"]
[WhiteElo "1416"]
[BlackElo "1508"]
[Opening "Sicilian: Najdorf"]
[ECO "B90"]
[NIC "SI.14"]
[Time "15:30:13"]
[TimeControl "1500+10"]

1. e4 c5 2. Nf3 d6 3. d4 cxd4 4. Nxd4 Nf6 5. Nc3 a6 6. f3 e5 7. Nb3 Be6 8.
Be3 h5 9. Qd2 Nbd7 10. O-O-O b5 11. Nd5 Bxd5 12. exd5 Nb6 13. Bxb6 Qxb6 14.
Na5 Rc8 15. Kb1 Nxd5 16. Qxd5 Qxa5 17. c4 Qc7 18. Bd3 Qc5 19. Qb7 Qc7 20.
Qxa6 bxc4 21. Bf5 Rd8 22. Qb5+ Ke7 23. Rhe1 g6 24. Bc2 Bg7 25. f4 Rhe8 26.
Re4 Kf8 27. Rxc4 Qd7 28. Qd5 Qe6 29. Qd3 d5 30. Qa3+ Kg8 31. Rc7 Rd7 32.
Rxd7 Qxd7 33. Ba4 Qf5+ 34. Ka1 Rc8 35. fxe5 Qxe5 36. Qb3 Rb8 37. Rxd5 Qxb2+
38. Qxb2 Rxb2 {White resigns} 0-1

[Event "ICC tourney 1911 (25 10)"]
[Site "Internet Chess Club"]
[Date "2020.07.11"]
[Round "3"]
[White "Chessplayer44"]
[Black "Knightboy123"]
[Result "1-0"]
[ICCResult "Black checkmated"]
[WhiteElo "1310"]
[BlackElo "1360"]
[Opening "Queen's pawn game"]
[ECO "A45"]
[NIC "QP.07"]
[Time "15:30:26"]
[TimeControl "1500+10"]

1. d4 Nf6 2. e3 e6 3. Bd3 b6 4. f4 Bb7 5. Nf3 c5 6. c3 Be7 7. Nbd2 O-O 8.
O-O d5 9. Ne5 Nc6 10. Qf3 Nd7 11. Qh3 h6 12. Ndf3 Ndxe5 13. Nxe5 Nxe5 14.
fxe5 c4 15. Bc2 b5 16. Bd2 a5 17. Rf3 b4 18. Raf1 bxc3 19. bxc3 Bg5 20. Qh5
Qd7 21. h4 Bd8 22. Rg3 f5 23. exf6 Bxf6 24. Qxh6 Qd8 25. Qh7+ Kf7 26. Qxg7+
Ke8 27. Bg6+ Rf7 28. Qxf7# {Black checkmated} 1-0

[Event "ICC tourney 1911 (25 10)"]
[Site "Internet Chess Club"]
[Date "2020.07.11"]
[Round "3"]
[White "JunlinTheWorld"]
[Black "geowhiz27"]
[Result "1-0"]
[ICCResult "Black checkmated"]
[WhiteElo "1678"]
[BlackElo "1197"]
[Opening "French: Two knights variation"]
[ECO "C00"]
[NIC "FR.01"]
[Time "15:36:50"]
[TimeControl "1500+10"]

1. e4 e6 2. Nf3 d5 3. Nc3 Nf6 4. e5 Nfd7 5. d4 c5 6. dxc5 Nc6 7. Bf4 Bxc5 8.
Bd3 f6 9. exf6 Nxf6 10. O-O O-O 11. Qe2 Qe7 12. Rae1 Bd7 13. Ne5 Nd4 14. Qd1
Rae8 15. Be3 Qd6 16. Bxd4 Bxd4 17. Bxh7+ Nxh7 18. Qxd4 Rf5 19. f4 Ref8 20.
g4 R5f6 21. Ne4 Rxf4 22. Rxf4 Rxf4 23. Nxd6 Rxd4 24. Nxd7 Rxg4+ 25. Kf2 Rh4
26. Rxe6 Rxh2+ 27. Kg3 Rxc2 28. Re8+ Nf8 29. Rxf8+ Kh7 30. Rf2 Rc6 31. Nxb7
Rc7 32. Nbc5 Rc6 33. Rd2 Rd6 34. Ne5 d4 35. Nb3 Rd5 36. Kf4 g5+ 37. Ke4 Rd8
38. Rxd4 Rf8 39. Rd7+ Kh6 40. Rxa7 Rf2 41. Nd3 Re2+ 42. Kd4 g4 43. a4 g3 44.
Ra6+ Kh7 45. Ra5 Kh6 46. Rh5+ Kg7 47. Rg5+ Kf6 48. Rxg3 Ke7 49. Re3+ Rxe3
50. Kxe3 Kd7 51. Kd4 Kc6 52. a5 Kb5 53. Kd5 Ka6 54. Ndc5+ Kb5 55. a6 Kb6 56.
Na5 Ka7 57. b4 Ka8 58. b5 Kb8 59. b6 Ka8 60. b7+ Kb8 61. Nc6+ Kc7 62. b8=Q#
{Black checkmated}
1-0

[Event "ICC tourney 1911 (25 10)"]
[Site "Internet Chess Club"]
[Date "2020.07.11"]
[Round "3"]
[White "abi2009"]
[Black "Almanac2050"]
[Result "0-1"]
[ICCResult "White resigns"]
[WhiteElo "1396"]
[BlackElo "1612"]
[Opening "French: advance, Paulsen attack"]
[ECO "C02"]
[NIC "FR.03"]
[Time "15:30:08"]
[TimeControl "1500+10"]

1. e4 e6 2. d4 d5 3. e5 c5 4. c3 Nc6 5. Nf3 Qb6 6. a3 Bd7 7. Be2 cxd4 8.
cxd4 Nge7 9. O-O Nf5 10. Be3 Qxb2 11. Nbd2 Qb6 12. Rb1 Qc7 13. Qb3 b6 14.
Rfc1 Qb7 15. Bb5 Be7 16. Qa4 Na5 17. Rc3 Bxb5 18. Qxb5+ Qd7 19. Qa6 O-O 20.
Rbc1 Qb7 21. Qxb7 Nxb7 22. Rc7 Na5 23. R1c3 Bd8 24. Rd7 Re8 25. g4 Nxe3 26.
fxe3 Re7 27. Rxe7 Bxe7 28. e4 b5 29. exd5 exd5 30. Nb3 Nc4 31. Nbd2 Rc8 32.
Nxc4 bxc4 33. Kf2 Rb8 34. Kg3 Rb3 35. Rxb3 cxb3 36. Nd2 b2 37. Nb1 Kf8 38.
Kf3 Ke8 39. Ke3 Kd7 40. Kd3 f6 41. Kc3 fxe5 42. dxe5 Ke6 43. Kxb2 Kxe5 44.
Nc3 d4 45. Ne2 Ke4 46. h3 Bf6 47. Kc1 Kf3 48. Kd2 g5 49. Kd3 Kg2 50. Nxd4
Bxd4 51. Kxd4 Kxh3 52. Kc5 Kxg4 53. Kc6 h5 54. Kb7 h4 55. Kxa7 h3 56. a4 h2
57. a5 h1=Q 58. a6 Qa1 59. Kb7 Kf3 60. a7 Qxa7+ 61. Kxa7 g4 62. Kb6 g3 63.
Kb7 g2 {White resigns} 0-1

[Event "ICC tourney 1911 (25 10)"]
[Site "Internet Chess Club"]
[Date "2020.07.11"]
[Round "3"]
[White "raghuraja"]
[Black "gsosa"]
[Result "1-0"]
[ICCResult "Black checkmated"]
[WhiteElo "1415"]
[BlackElo "1497"]
[Opening "Dutch, 2.Bg5 variation"]
[ECO "A80"]
[NIC "HD.12"]
[Time "15:30:44"]
[TimeControl "1500+10"]

1. d4 f5 2. Bg5 h6 3. Bh4 g5 4. Bg3 f4 5. e3 h5 6. exf4 h4 7. Qd3 Bg7 8.
Qg6+ Kf8 9. Qf5+ Nf6 10. fxg5 d6 11. Qf4 hxg3 12. gxf6 gxf2+ 13. Qxf2 Bxf6
14. Nd2 Be6 15. O-O-O Nc6 16. Nb3 Bxb3 17. axb3 a5 18. Bb5 Nb4 19. c3 c6 20.
Bd3 Nxd3+ 21. Rxd3 a4 22. bxa4 Rxa4 23. Kc2 Ra1 24. Rd1 Qa5 25. Nf3 Qa4+ 26.
Kd2 Ra2 27. Rb1 Qb5 28. Ke3 Ke8 29. Qe2 Bg5+ 30. Kf2 Qf5 31. Ra1 Bh4+ 32. g3
Rxa1 33. Rxa1 Bxg3+ 34. Kg1 Bxh2+ 35. Nxh2 Rg8+ 36. Kh1 Qd5+ 37. Qf3 Qb3 38.
Ra8+ Kd7 39. Rxg8 Qxg8 40. Qg4+ Qe6 41. Kg2 b5 42. Kf3 c5 43. dxc5 dxc5 44.
Qxe6+ Kxe6 45. Ke4 Kd6 46. Nf3 Kc6 47. Ke5 b4 48. c4 Kb6 49. Kd5 Ka5 50.
Kxc5 Ka4 51. Nd2 b3 52. Kd5 Kb4 53. c5 e5 54. c6 e4 55. c7 e3 56. Ne4 e2 57.
c8=Q e1=Q 58. Qc5+ Ka4 59. Nc3+ Qxc3 60. bxc3 b2 61. Qb4# {Black checkmated}
1-0

[Event "ICC tourney 1911 (25 10)"]
[Site "Internet Chess Club"]
[Date "2020.07.11"]
[Round "3"]
[White "Leolix"]
[Black "AboardBuffalo"]
[Result "0-1"]
[ICCResult "White resigns"]
[WhiteElo "1594"]
[BlackElo "1585"]
[Opening "QGD: Marshall defense"]
[ECO "D06"]
[NIC "QP.08"]
[Time "15:31:03"]
[TimeControl "1500+10"]

1. d4 d5 2. c4 Nf6 3. cxd5 Nxd5 4. e4 Nb6 5. Nc3 g6 6. Nf3 Bg7 7. Be2 O-O 8.
O-O N8d7 9. Be3 Nf6 10. h3 Bd7 11. Qc2 e6 12. Rfd1 Bc6 13. Rac1 Qe7 14. a3
a5 15. Bb5 Nxe4 16. Bxc6 Nxc3 17. Qxc3 bxc6 18. Qxc6 Nd5 19. Bg5 Qd6 20.
Qxd6 cxd6 21. Rc6 Rab8 22. Rd2 f6 23. Bh4 Rb6 24. Rdc2 Rfb8 25. Rxb6 Rxb6
26. Nd2 g5 27. Bg3 f5 28. Rc8+ Kf7 29. Nc4 Ra6 30. Nxd6+ Ke7 31. Be5 Rxd6
32. Bxg7 Rb6 33. Rc2 Nf4 34. Rd2 Rb3 35. Kf1 Nd3 36. d5 e5 37. Ke2 Rxb2 38.
Kxd3 Rxd2+ 39. Kxd2 Kd6 40. Kc3 Kxd5 41. Bf6 h6 42. a4 g4 43. hxg4 fxg4 44.
Bd8 h5 45. Bxa5 h4 46. Bb6 h3 47. gxh3 gxh3 48. a5 h2 49. a6 h1=Q 50. a7
Qa1+ 51. Kd3 Qa6+ 52. Kd2 Qa2+ 53. Ke1 Ke4 54. Be3 Kf3 55. Kd1 e4 56. Bd4
Qa4+ 57. Ke1 Qb4+ {White resigns} 0-1

[Event "ICC tourney 1911 (25 10)"]
[Site "Internet Chess Club"]
[Date "2020.07.11"]
[Round "3"]
[White "StevChess01"]
[Black "HAPPYKING99"]
[Result "0-1"]
[ICCResult "White forfeits on time"]
[WhiteElo "1325"]
[BlackElo "1280"]
[Opening "QGD semi-Slav: 5.Bg5 dc"]
[ECO "D44"]
[NIC "SL.03"]
[Time "15:30:08"]
[TimeControl "1500+10"]

1. d4 d5 2. c4 c6 3. Nc3 Nf6 4. Nf3 e6 5. Bg5 dxc4 6. a4 Bb4 7. e4 h6 8. Bh4
g5 9. e5 Ne4 10. Bg3 Nxc3 11. bxc3 Bxc3+ 12. Nd2 Bxa1 13. Qxa1 b5 14. Ne4
Qa5+ 15. Ke2 b4 16. Nd6+ Ke7 17. f4 c3 18. Kf3 Qd5+ 19. Ke3 Ba6 20. h4 Bxf1
21. Rxf1 Qxg2 22. Qe1 g4 23. f5 Rf8 24. Kd3 Na6 25. h5 c2 26. Bh4+ Kd7 27.
Rg1 Qd5 28. Kxc2 Rab8 29. Rxg4 b3+ 30. Kb1 b2 31. fxe6+ Qxe6 32. Rf4 Qb3 33.
Rf2 Qd3+ 34. Rc2 Nb4 35. e6+ fxe6 {White forfeits on time} 0-1

[Event "ICC tourney 1911 (25 10)"]
[Site "Internet Chess Club"]
[Date "2020.07.11"]
[Round "3"]
[White "Ajitesh20091"]
[Black "saisneha"]
[Result "1/2-1/2"]
[ICCResult "Game drawn by mutual agreement"]
[WhiteElo "1470"]
[BlackElo "1566"]
[Opening "Ruy Lopez: closed, Pilnik variation"]
[ECO "C77"]
[NIC "RL.12"]
[Time "15:30:25"]
[TimeControl "1500+10"]

1. e4 e5 2. Nf3 Nc6 3. Bb5 a6 4. Ba4 Nf6 5. d3 b5 6. Bb3 Be7 7. c3 d6 8. O-O
O-O 9. Re1 Nb8 10. Nbd2 Nbd7 11. Nf1 Re8 12. Ng3 Bf8 13. Ng5 d5 14. exd5 h6
15. Nf3 Bb7 16. c4 g6 17. Ne4 Bg7 18. Bd2 Nb6 19. Qc1 Kh7 20. Nc5 Bc8 21.
Nxe5 Qd6 22. d4 bxc4 23. Bxc4 Nfxd5 24. Nxf7 Rxe1+ 25. Qxe1 Qf8 26. Bxd5
Nxd5 27. Ne5 Bf5 28. g4 Bc8 29. Qe4 Bxe5 30. Qxd5 Bxh2+ 31. Kxh2 Qxf2+ 32.
Qg2 Qh4+ 33. Kg1 Rb8 34. b3 Bxg4 35. Re1 Bf5 36. Be3 Re8 37. Qf2 Qg4+ 38.
Kh1 Qh3+ 39. Qh2 Rxe3 40. Rxe3 Qxe3 41. Qxc7+ Kg8 42. Qb8+ Kf7 43. Qc7+ Kf6
44. Qe5+ Qxe5 45. dxe5+ Kxe5 46. Nxa6 Kd4 47. a4 Bc2 48. a5 Bxb3 49. Nc7 Kc5
50. Kg2 Kd6 51. Nb5+ Kc5 52. Nc7 Kc6 53. Ne8 Kb5 54. Kg3 Kxa5 55. Nf6 Kb5
56. Ng4 h5 57. Ne5 Bc2 58. Kf4 Kc5 59. Kg5 Kd5 60. Nf3 Kc4 61. Nh4 Kc3 62.
Nf3 Kb2 63. Nh4 Kc1 64. Nf3 Kd1 65. Nh4 Ke2 66. Ng2 Kf2 67. Nf4 Kg3 68.
Nxh5+ {Game drawn by mutual agreement} 1/2-1/2

[Event "ICC tourney 1911 (25 10)"]
[Site "Internet Chess Club"]
[Date "2020.07.11"]
[Round "3"]
[White "tcrgm"]
[Black "Checkmatestone"]
[Result "1-0"]
[ICCResult "Black checkmated"]
[WhiteElo "1458"]
[BlackElo "1397"]
[Opening "French: advance variation"]
[ECO "C02"]
[NIC "FR.03"]
[Time "15:30:11"]
[TimeControl "1500+10"]

1. e4 e6 2. d4 d5 3. e5 c5 4. c3 a6 5. Nf3 c4 6. Be3 b5 7. Nbd2 Nc6 8. Be2
h6 9. O-O g5 10. h3 Nge7 11. b3 Nf5 12. Nh2 Bg7 13. Bh5 Qe7 14. Qf3 O-O 15.
Bg4 Nh4 16. Qe2 Qb7 17. Rab1 Qd7 18. f4 gxf4 19. Bxf4 Ng6 20. Be3 Nce7 21.
Qf2 Qc7 22. Ndf3 Rb8 23. Nh4 Nxh4 24. Qxh4 Ng6 25. Qg3 cxb3 26. Rxb3 a5 27.
Bh5 a4 28. Rbb1 Qe7 29. Bxg6 fxg6 30. Qxg6 Rf5 31. Bxh6 Bd7 32. Ng4 Be8 33.
Qxg7+ Qxg7 34. Bxg7 Kxg7 35. Rxf5 exf5 36. Nf6 Bf7 37. Re1 Be6 38. Re3 b4
39. Rg3+ Kf7 40. h4 b3 41. Nh5 bxa2 42. Rg7+ Kf8 43. Kh2 a1=Q 44. Rh7 Qb1
45. Nf4 Bf7 46. e6 Be8 47. Nxd5 f4 48. e7+ Kg8 49. Nf6# {Black checkmated}
1-0

[Event "ICC tourney 1911 (25 10)"]
[Site "Internet Chess Club"]
[Date "2020.07.11"]
[Round "3"]
[White "anshulg"]
[Black "Aarush37"]
[Result "1-0"]
[ICCResult "Black checkmated"]
[WhiteElo "1469"]
[BlackElo "1431"]
[Opening "Four knights: Spanish, classical defense"]
[ECO "C48"]
[NIC "KP.03"]
[Time "15:30:18"]
[TimeControl "1500+10"]

1. e4 e5 2. Nf3 Nc6 3. Nc3 Nf6 4. Bb5 Bc5 5. O-O d6 6. d3 h6 7. Be3 Bb6 8.
Nd5 O-O 9. Nxb6 axb6 10. c3 Bg4 11. h3 Bh5 12. g4 Bg6 13. g5 hxg5 14. Bxg5
Qd7 15. Bxf6 gxf6 16. Kh2 Kg7 17. Bxc6 bxc6 18. Rg1 Rh8 19. Rg3 Rh6 20. Ng1
Rah8 21. Qf3 Rh4 22. Qf5 Qe7 23. Rg4 R4h5 24. Qf3 Qe6 25. Qg3 Kf8 26. f4 f5
27. Rg5 exf4 28. Qxf4 fxe4 29. Rxh5 Rxh5 30. dxe4 Bxe4 31. Re1 f5 32. Nf3
Qd5 33. Ng5 Qd3 34. Rxe4 Qc2+ 35. Kg3 Rxg5+ 36. Qxg5 Qxe4 37. Qf6+ Ke8 38.
Qh8+ Kd7 39. Qd4 Qe1+ 40. Qf2 Qe5+ 41. Qf4 Qg7+ 42. Kf2 Qf6 43. h4 Ke6 44.
Kg3 Qe5 45. h5 Qe1+ 46. Qf2 Qe5+ 47. Qf4 Qg7+ 48. Kh3 Qh7 49. Qg5 f4 50. Kg4
f3 51. Kxf3 Qf7+ 52. Kg4 Qf1 53. Qg6+ Ke7 54. Kg5 Qc1+ 55. Kf5 Qc2+ 56. Kg5
Qd2+ 57. Kh4 Qh2+ 58. Kg4 Qg2+ 59. Kf4 Qf2+ 60. Ke4 Qc2+ 61. Kd4 Qxb2 62.
Qg5+ Kd7 63. Qg7+ Kc8 64. h6 c5+ 65. Ke4 Qe2+ 66. Kf5 Qf3+ 67. Kg6 Qe4+ 68.
Kf7 Qc4+ 69. Kf8 Qf4+ 70. Kg8 Qc4+ 71. Qf7 Qg4+ 72. Kf8 Qg5 73. h7 Qh6+ 74.
Kg8 Qg5+ 75. Qg7 Qd5+ 76. Kf8 Qf5+ 77. Qf7 Qg5 78. h8=Q d5 79. Qhg7 Qd2 80.
Qxc7# {Black checkmated} 1-0

[Event "ICC tourney 1911 (25 10)"]
[Site "Internet Chess Club"]
[Date "2020.07.11"]
[Round "3"]
[White "JadeTooth"]
[Black "imranchamp"]
[Result "0-1"]
[ICCResult "White resigns"]
[WhiteElo "1224"]
[BlackElo "1454"]
[Opening "Sicilian: closed"]
[ECO "B23"]
[NIC "SI.44"]
[Time "15:31:01"]
[TimeControl "1500+10"]

1. e4 c5 2. Nc3 b6 3. g3 Bb7 4. Bg2 a6 5. Nge2 g6 6. d3 Bg7 7. Be3 Nc6 8.
Qd2 Nd4 9. Nd1 Qc7 10. c3 Nxe2 11. Qxe2 Nf6 12. f4 O-O 13. O-O d5 14. e5 Nd7
15. d4 e6 16. Nf2 a5 17. Rac1 Ba6 18. Nd3 c4 19. Nf2 b5 20. a3 Qb6 21. Rfd1
b4 22. axb4 axb4 23. Rb1 Rfb8 24. Qd2 bxc3 25. Qxc3 Qb4 26. Qxb4 Rxb4 27.
Bd2 Rb3 28. Bc3 Bb7 29. Ra1 Rb8 30. Rd2 Bc6 31. Nd1 Nb6 32. Ne3 Be8 33. Bf3
Na4 34. Bd1 Nxc3 35. Bxb3 Ne4 36. Re2 Rxb3 37. Ra8 Kf8 38. Ra2 f6 39. Nxc4
Nxg3 40. Rg2 dxc4 41. Rxg3 Bh6 42. Rxb3 cxb3 43. Ra3 Bxf4 44. exf6 Be3+ 45.
Kf1 Bxd4 46. Rxb3 Bxf6 47. Rf3 Ke7 48. b4 Be5 49. Rh3 h5 50. Kf2 g5 51. Kg2
g4 52. Rb3 Bc6+ 53. Kf2 Bxh2 54. b5 g3+ 55. Rxg3 Bxg3+ 56. Kxg3 Bxb5 57. Kh4
e5 58. Kxh5 e4 59. Kg4 Bd3 60. Kg3 Ke6 61. Kf2 Ke5 62. Ke1 Kd4 63. Kd2 e3+
64. Kd1 Bc2+ 65. Ke2 Bb3 66. Kf1 Kd3 67. Ke1 e2 {White resigns} 0-1

[Event "ICC tourney 1911 (25 10)"]
[Site "Internet Chess Club"]
[Date "2020.07.11"]
[Round "4"]
[White "rachael1120"]
[Black "gmcarebear999"]
[Result "1/2-1/2"]
[ICCResult "Game drawn by mutual agreement"]
[WhiteElo "1478"]
[BlackElo "1340"]
[Opening "Sicilian: dragon, Yugoslav attack, 10.O-O-O"]
[ECO "B78"]
[NIC "SI.18"]
[Time "17:16:30"]
[TimeControl "1500+10"]

1. e4 c5 2. Nf3 d6 3. d4 cxd4 4. Nxd4 Nf6 5. Nc3 g6 6. Be3 Bg7 7. Bc4 O-O 8.
f3 Nc6 9. Qd2 Bd7 10. O-O-O Rc8 11. Bb3 Ne5 12. h4 h5 13. Bg5 Rc5 14. Rhe1
{Game drawn by mutual agreement}
1/2-1/2

[Event "ICC tourney 1911 (25 10)"]
[Site "Internet Chess Club"]
[Date "2020.07.11"]
[Round "4"]
[White "Checkmatestone"]
[Black "HarleyQueen8"]
[Result "1/2-1/2"]
[ICCResult "Game drawn by repetition"]
[WhiteElo "1413"]
[BlackElo "1505"]
[Opening "Sicilian"]
[ECO "B50"]
[NIC "SI.01"]
[Time "17:16:17"]
[TimeControl "1500+10"]

1. e4 c5 2. Nf3 d6 3. Bc4 Nc6 4. c3 Nf6 5. d3 g6 6. h3 Bg7 7. Be3 O-O 8. Qc1
e6 9. Bb3 b6 10. Bh6 Qc7 11. Bxg7 Kxg7 12. h4 d5 13. h5 Nxh5 14. Rxh5 gxh5
15. Qg5+ Kh8 16. Qf6+ Kg8 17. Qg5+ Kh8 18. Qf6+ Kg8 19. Qg5+ Kh8 20. Qf6+
Kg8 21. Qg5+ {Game drawn by repetition} 1/2-1/2

[Event "ICC tourney 1911 (25 10)"]
[Site "Internet Chess Club"]
[Date "2020.07.11"]
[Round "4"]
[White "capetarget"]
[Black "anshulg"]
[Result "0-1"]
[ICCResult "White resigns"]
[WhiteElo "1360"]
[BlackElo "1511"]
[Opening "Sicilian: Scheveningen variation"]
[ECO "B80"]
[NIC "SI.19"]
[Time "17:15:44"]
[TimeControl "1500+10"]

1. e4 c5 2. Nf3 d6 3. d4 cxd4 4. Nxd4 Nf6 5. Nc3 e6 6. Bg5 Be7 7. Be2 O-O 8.
O-O Nc6 9. Kh1 d5 10. exd5 Nxd5 11. Bxe7 Ndxe7 12. Nxc6 Nxc6 13. Qxd8 Rxd8
14. Rfd1 Kf8 15. Bf3 Bd7 16. h3 Ke7 17. Rd2 Be8 18. Rad1 Rxd2 19. Rxd2 Rd8
20. Rxd8 Kxd8 21. Kh2 a6 22. Kg3 Kc7 23. Kf4 Nd4 24. Be4 Bc6 25. Bxh7 Bxg2
26. Kg3 Bc6 27. Bd3 Kd6 28. Ne4+ Ke5 29. Ng5 f6 30. Nf7+ Kd5 31. b4 Bb5 32.
Bxb5 axb5 33. c3 Ne2+ 34. Kf3 Nxc3 35. a3 Nb1 36. Nd8 b6 37. Ke3 Nxa3 38.
Kd3 Nc4 39. Kc3 Ne5 40. Nb7 Kc6 41. Nd8+ Kd7 42. Nb7 Kc7 {White resigns} 0-1

[Event "ICC tourney 1911 (25 10)"]
[Site "Internet Chess Club"]
[Date "2020.07.11"]
[Round "4"]
[White "chessmaster0981"]
[Black "Mulan2009"]
[Result "0-1"]
[ICCResult "White resigns"]
[WhiteElo "1421"]
[BlackElo "1595"]
[Opening "Queen's pawn game, Rubinstein (Colle-Zukertort) variation"]
[ECO "D05"]
[NIC "QP.08"]
[Time "17:16:23"]
[TimeControl "1500+10"]

1. d4 d5 2. Nf3 e6 3. e3 Nf6 4. Bd3 c5 5. b3 Nc6 6. a3 cxd4 7. exd4 Bd6 8.
Bb2 Ne4 9. Nbd2 f5 10. O-O O-O 11. Ne5 Nxd2 12. Qxd2 f4 13. f3 Nxe5 14. dxe5
Bc5+ 15. Kh1 Be3 16. Qe2 d4 17. Rad1 Qg5 18. Be4 Qxe5 19. Qd3 Qh5 20. Bxd4
Rd8 21. Qc3 Bxd4 22. Rxd4 Rf8 23. Rfd1 e5 24. Qc4+ Kh8 25. Qc7 exd4 26. Rxd4
Bf5 27. Bxf5 Qxf5 28. Rd7 Rg8 29. Qxb7 Qxc2 {White resigns} 0-1

[Event "ICC tourney 1911 (25 10)"]
[Site "Internet Chess Club"]
[Date "2020.07.11"]
[Round "4"]
[White "rpughiii"]
[Black "langlglang"]
[Result "0-1"]
[ICCResult "White resigns"]
[WhiteElo "1279"]
[BlackElo "1214"]
[Opening "Queen's bishop game"]
[ECO "D02"]
[NIC "QP.08"]
[Time "17:15:57"]
[TimeControl "1500+10"]

1. d4 d5 2. Nf3 Nf6 3. Bf4 Bf5 4. e3 e6 5. Nbd2 c5 6. c3 Nc6 7. Bb5 a6 8.
Bxc6+ bxc6 9. O-O Be7 10. Re1 O-O 11. Ne5 Qb6 12. g4 Bg6 13. g5 Nh5 14. Nd7
Qxb2 15. Nxf8 Rxf8 16. Qc1 Qb5 17. a4 Qd3 18. Ra3 Nxf4 19. exf4 cxd4 20.
cxd4 Bxa3 {White resigns} 0-1

[Event "ICC tourney 1911 (25 10)"]
[Site "Internet Chess Club"]
[Date "2020.07.11"]
[Round "4"]
[White "Knightboy123"]
[Black "abi2009"]
[Result "1-0"]
[ICCResult "Black resigns"]
[WhiteElo "1400"]
[BlackElo "1388"]
[Opening "Ruy Lopez: closed (10...c5)"]
[ECO "C96"]
[NIC "RL.23"]
[Time "17:15:37"]
[TimeControl "1500+10"]

1. e4 e5 2. Nf3 Nc6 3. Bb5 a6 4. Ba4 Nf6 5. O-O d6 6. h3 Be7 7. Re1 O-O 8.
c3 b5 9. Bb3 Na5 10. Bc2 c5 11. d3 Qc7 12. Nbd2 h6 13. Nf1 Re8 14. Ng3 Bf8
15. b3 Kh7 16. Bb2 Bb7 17. d4 Rac8 18. d5 Ba8 19. Qd2 c4 20. b4 Nb7 21. a4
a5 22. bxa5 Nxa5 23. axb5 Nb7 24. Nf5 g6 25. Ng3 Nc5 26. Ba3 Rb8 27. Bxc5
Qxc5 28. Ba4 Rec8 29. Ra2 Bg7 30. Rea1 Nxd5 31. exd5 Bxd5 32. Bc2 f5 33.
Nxf5 Bxf3 34. gxf3 d5 35. Nxg7 Kxg7 36. Ra7+ Rc7 37. Qe3 d4 38. Rxc7+ Qxc7
39. cxd4 Rxb5 40. dxe5 Rb7 41. Qe4 Rb6 42. e6 {Black resigns} 1-0

[Event "ICC tourney 1911 (25 10)"]
[Site "Internet Chess Club"]
[Date "2020.07.11"]
[Round "4"]
[White "DankMemer"]
[Black "Kausy"]
[Result "1-0"]
[ICCResult "Black checkmated"]
[WhiteElo "1594"]
[BlackElo "1699"]
[Opening "Queen's pawn, Mason variation"]
[ECO "D00"]
[NIC "QP.08"]
[Time "17:15:38"]
[TimeControl "1500+10"]

1. d4 d5 2. Bf4 c6 3. Nf3 Nf6 4. c4 Bf5 5. e3 e6 6. Qb3 Qb6 7. c5 Qxb3 8.
axb3 a6 9. Nc3 Nbd7 10. b4 Rc8 11. Nd2 Be7 12. Nb3 Bd8 13. Na5 Bxa5 14. bxa5
e5 15. dxe5 Nh5 16. b4 Kf8 17. Be2 Nxf4 18. exf4 Re8 19. g4 Bc2 20. Kd2 Bb3
21. Rab1 Bc4 22. Bxc4 dxc4 23. Ne4 f6 24. Nd6 Re6 25. Nxc4 fxe5 26. fxe5
Nxe5 27. Nxe5 Rxe5 28. h3 Kf7 29. Rbe1 Rd5+ 30. Kc3 Rhd8 31. Re3 Rd4 32.
Rhe1 R4d7 33. R1e2 g6 34. Re4 Rd3+ 35. Kc2 Rxh3 36. Re7+ Kf6 37. R2e5 h6 38.
f4 Rh2+ 39. Kc3 Rh3+ 40. Kc4 Rg3 41. R5e6# {Black checkmated} 1-0